 Dungeon Sprint DCSS version 0.29-a0-338-g1ff7896281 (webtiles) character file.

Game seed: 10014043073722056045

669 HendSelp the Dealer of Despair (level 7, -1/48 HPs)
             Began as a Mummy Necromancer on Apr 18, 2022.
             Was an Elder of Kikubaaqudgha.
             Killed from afar by an air elemental (5 damage)
             ... with a stunning burst
             ... in the Dungeon (Sprint V: "Ziggurat Sprint").
             The game lasted 00:03:37 (946 turns).

HendSelp the Dealer of Despair (Mummy Necromancer)   Turns: 946, Time: 00:03:38

Health: -1/48      AC:  8    Str: 11    XL:     7   Next: 32%
Magic:  35/35      EV: 13    Int: 29    God:    Kikubaaqudgha [****..]
Gold:   0          SH:  0    Dex: 12    Spells: 11/26 levels left

rFire   . . .      SeeInvis .   g - +6 Majin-Bo {vamp, MP+6 Int+6}
rCold   + . .      Faith    .   (shield currently unavailable)
rNeg    + + +      Spirit   .   r - +2 robe {rF+}
rPois   ∞          Reflect  .   (no helmet)
rElec   .          Harm     .   (no cloak)
rCorr   .          Rampage  .   (no gloves)
Will    .....      NoTele   +   (no boots)
Stlth   +++.......              (no amulet)
HPRegen 0.16/turn               j - +6 ring of intelligence
MPRegen 0.24/turn               l - ring of the Peasants {MP+9 AC+4 Stlth+}

@: no status effects
A: cold resistance 1, negative energy resistance 3, torment resistance 2, heat
vulnerability 1, in touch with death 1, no potions
a: Renounce Religion, Receive Corpses


You were in the Dungeon.
You worshipped Kikubaaqudgha.
Kikubaaqudgha was greatly pleased with you.
You visited 1 branch

Inventory:

Hand Weapons
 g - the +6 Majin-Bo (weapon) {vamp, MP+6 Int+6}
   (You found it in the Dungeon)

   It heals its wielder for a portion of the damage dealt when they wound a
   living foe with it or with a spell.
   Its wielder's spells cost health as well as magical power.
   Int:       It affects your intelligence (+6).
   MP:        It affects your magic capacity (+6).
Armour
 r - a +2 robe of fire resistance (worn)
Jewellery
 j - a +6 ring of intelligence (left hand)
 k - a +6 ring of intelligence
 l - the ring of the Peasants (right hand) {MP+9 AC+4 Stlth+}
   (You found it in the Dungeon)

   [ring of protection]

   AC:        It affects your AC (+4).
   MP:        It affects your magic capacity (+9).
   Stlth:     It makes you more stealthy.
 q - a ring of willpower
Wands
 n - a wand of mindburst (7)
 o - a wand of iceblast (5)
 p - a wand of acid (4)
Scrolls
 b - 4 scrolls of blinking
 c - 4 scrolls of amnesia
 d - 7 scrolls of fog
 e - 5 scrolls of identify
 i - 8 scrolls of enchant weapon
Miscellaneous
 a - a phantom mirror (inert)
 h - a tin of tremorstones (1/2)
 m - a phial of floods


   Skills:
 + Level 1.2 Fighting
 + Level 0.9 Staves
 + Level 3.7 Dodging
 + Level 3.4 Stealth
 + Level 10.2 Spellcasting
 + Level 12.6 Necromancy
 + Level 0.4 Air Magic
 + Level 2.1 Evocations


You had 11 spell levels left.
You knew the following spells:

 Your Spells              Type           Power      Damage    Failure   Level
a - Pain                  Necr           100%       1d9       1%          1
b - Animate Skeleton      Necr           100%       N/A       1%          1
c - Vampiric Draining     Necr           93%        2d12      1%          3
d - Animate Dead          Necr           46%        N/A       1%          4
e - Corpse Rot            Necr/Air       100%       N/A       1%          2
f - Dispel Undead         Necr           93%        3d29      1%          4

Your spell library contained the following spells:

 Spells                   Type           Power      Damage    Failure   Level
 Agony                    Necr           93%        N/A       1%          5
 Anguish                  Hex/Necr       33%        N/A       2%          4
 Borgnjor's Vile Clutch   Necr/Erth      33%        N/A       8%          5
 Dazzling Flash           Conj/Hex       28%        N/A       11%         3
 Simulacrum               Ice/Necr       33%        N/A       38%         6
 Freezing Cloud           Conj/Ice/Air   7%         6-21      67%         5
 Yara's Violent Unravell  Hex/Tmut       7%         3d5       71%         5


Dungeon Overview and Level Annotations

Branches:
Dungeon (1/1)

Altars:
Ashenzari
Cheibriados
Dithmenos
Elyvilon
Fedhas
Gozag
Hepliaklqana
Kikubaaqudgha
Makhleb
Nemelex Xobeh
Okawaru
Qazlal
Ru
Sif Muna
Trog
Uskayaw
Vehumet
Wu Jian
Xom
Yredelemnul
Zin
The Shining One
Beogh
Jiyva
Lugonu


Innate Abilities, Weirdness & Mutations

You are immune to poison.
Your flesh is cold resistant. (rC+)
You are immune to negative energy. (rN+++)
You are immune to unholy pain and torment.
You are vulnerable to heat. (rF-)
You are in touch with the powers of death.
You do not drink.


Message History

* * * LOW HITPOINT WARNING * * *
You can move again.
Unknown command.
Unknown command.
Unknown command.
Unknown command.
Unknown command.
Unknown command.
Unknown command.
Unknown command.
Unknown command.
Unknown command.
Unknown command.
Unknown command.
Unknown command.
Unknown command.
Unknown command.
Unknown command.
Unknown command.
Unknown command.
Press: ? - help, v - describe, . - travel
Here: an air elemental (heavily damaged)
The floor.
Unknown command.
As you read the scroll of fear, it crumbles to dust.
You assume a fearsome visage.
The wind drake looks frightened!
The air elemental is unaffected. x4; The wind drake looks frightened!
Your air elemental closely misses the wind drake.
The air elemental fires a burst of electricity at you.
The stunning burst hits the air elemental.
The air elemental completely resists.
The stunning burst misses you.
The air elemental fires a burst of electricity at you.
The stunning burst hits the air elemental.
The air elemental completely resists.
The stunning burst hits you!
You shrug off the repeated paralysis!
* * * LOW HITPOINT WARNING * * *
The air elemental fires a burst of electricity at you.
The stunning burst hits you.
You shrug off the repeated paralysis!
You die...
Kikubaaqudgha rasps: "You have failed me!
Welcome... oblivion!"

▓..[|=..▓
▓..k)}..▓
▓.......▓
▓..E.E..▓
▓...k...▓
..EE...
▓.▓..E▓.▓
▓...@...▓
▓▓▓▓▓▓▓▓▓


You could see 2 wind drakes, 4 air elementals and a friendly air elemental
(summoned, drained).

Vanquished Creatures
  A yak (D)
  A naga (D)
  2 water moccasins (D)
  3 orc priests (D)
  3 iguanas (D)
  A river rat (D)
  3 adders (D)
  2 orcs (D)
  2 ball pythons (D)
18 creatures vanquished.

Notes
Turn   | Place    | Note
-------+----------+-------------------------------------------
     0 | D        | HendSelp the Mummy Necromancer began the quest for the Orb.
     0 | D        | Reached XP level 1. HP: 13/13 MP: 4/4
     0 | D        | Found a shimmering blue altar of Sif Muna.
     0 | D        | Found a sacrificial altar of Ru.
     0 | D        | Found a bloodstained altar of Trog.
     0 | D        | Found a stormy altar of Qazlal.
     0 | D        | Found an iron altar of Okawaru.
     0 | D        | Found a sparkling altar of Nemelex Xobeh.
     0 | D        | Found a blossoming altar of Fedhas.
     0 | D        | Found the +6 Majin-Bo {vamp, MP+6 Int+6}
     0 | D        | Found the +9 heavy crossbow "Sniper" {vorpal, Acc+∞ SInv}
     0 | D        | Found the +10 dark maul {vorpal}
     0 | D        | Found the +15 Maxwell's patent armour {-Cast -Tele rElec
                  | Will+ rCorr}
     0 | D        | Found the +18 shield of the Gong {rElec rN+ Will+ EV-5}
     0 | D        | Found the +14 obsidian axe {vorpal, Mesm Drain Fly SInv}
     0 | D        | Found the +7 great mace "Firestarter" {inner flame, rF++}
     0 | D        | Found the +6 shillelagh "Devastator" {shatter}
     0 | D        | Found the +11 plutonium sword {Contam Stlth-}
     0 | D        | Found the +8 lance "Wyrmbane" {slay drac, rPois rF+ rC+
                  | AC+3}
     0 | D        | Found the +9 sword of Zonguldrok {reap}
     0 | D        | Found the +13 scythe of Curses {drain, Drain}
     0 | D        | Found the +5 sword of Power {vorpal}
     0 | D        | Found the +7 mace of Variability {chain chaos}
     0 | D        | Found the +7 Singing Sword {vorpal, sonic wave}
     0 | D        | Found the +8 storm bow {elec, penet}
     1 | D        | Found a transporter.
     1 | D        | Found an ancient bone altar of Kikubaaqudgha.
     1 | D        | Found a viscous altar of Jiyva.
     1 | D        | Found a corrupted altar of Lugonu.
     1 | D        | Found a hazy altar of Hepliaklqana.
     1 | D        | Found a burning altar of Makhleb.
     1 | D        | Found an opulent altar of Gozag.
    45 | D        | Became a worshipper of Kikubaaqudgha
    52 | D        | Learned a level 1 spell: Animate Skeleton
    52 | D        | Entered arena 2.
    52 | D        | Noticed a yak
    52 | D        | Noticed an iguana
    52 | D        | Found a transporter.
    59 | D        | Killed a yak
    59 | D        | Killed an iguana
    60 | D        | Reached skill level 9 in Necromancy
    60 | D        | Reached skill level 1 in Evocations
    60 | D        | Reached XP level 2. HP: 19/19 MP: 3/7
    60 | D        | Gained mutation: You are in touch with the powers of death.
                  | [Mummy growth]
    60 | D        | Reached XP level 3. HP: 24/24 MP: 3/9
    60 | D        | Reached XP level 4. HP: 30/30 MP: 3/10
    60 | D        | Reached XP level 5. HP: 35/35 MP: 3/12
   114 | D        | Learned a level 3 spell: Vampiric Draining
   119 | D        | Learned a level 4 spell: Animate Dead
   122 | D        | Entered arena 3.
   122 | D        | Found a transporter.
   126 | D        | Reached * piety under Kikubaaqudgha
   126 | D        | Received a gift from Kikubaaqudgha
   127 | D        | Reached skill level 5 in Spellcasting
   127 | D        | Reached skill level 10 in Necromancy
   250 | D        | Got Veqebeyf's Collected Works on Congealing Execration
   258 | D        | Learned a level 2 spell: Corpse Rot
   258 | D        | Entered arena 4.
   258 | D        | Noticed a water moccasin
   258 | D        | Found a transporter.
   262 | D        | Reached ** piety under Kikubaaqudgha
   266 | D        | Killed a water moccasin
   267 | D        | Reached skill level 11 in Necromancy
   267 | D        | Reached XP level 6. HP: 35/41 MP: 8/16
   274 | D        | Got the ring of the Peasants {MP+9 AC+4 Stlth+}
   412 | D        | Entered arena 5.
   412 | D        | Noticed a naga
   412 | D        | Noticed a water moccasin
   412 | D        | Found a transporter.
   418 | D        | Killed a water moccasin
   418 | D        | Reached *** piety under Kikubaaqudgha
   418 | D        | Received a gift from Kikubaaqudgha
   419 | D        | Reached skill level 12 in Necromancy
   426 | D        | Killed a naga
   427 | D        | Reached skill level 1 in Fighting
   427 | D        | Reached XP level 7. HP: 36/48 MP: 6/20
   547 | D        | Entered arena 6.
   547 | D        | Found a transporter.
   553 | D        | Reached **** piety under Kikubaaqudgha
   557 | D        | Reached skill level 10 in Spellcasting
   941 | D        | Learned a level 4 spell: Dispel Undead
   943 | D        | Entered arena 7.
   943 | D        | Found the ring of the Mage {Wiz Archmagi}
   943 | D        | Noticed a wind drake
   943 | D        | Noticed an air elemental
   943 | D        | Noticed an air elemental
   943 | D        | Noticed an air elemental
   943 | D        | Noticed an air elemental
   943 | D        | Noticed a wind drake
   943 | D        | Paralysed by an air elemental for 1 turns
   945 | D        | Paralysed by an air elemental for 1 turns
   946 | D        | Killed from afar by an air elemental

Illustrated notes

Levels and vault maps discovered:
D:        sprint_v [room_start, room_1, room_2, room_3, room_4, room_5, room_6,
          room_7, room_8, room_9, room_10, room_11, room_12, room_13, room_14,
          room_15, room_16, room_17, room_18, room_19, room_20, room_21,
          room_22, room_23, room_24, room_25, room_26, room_27]

Skill      XL: |  1  2  3  4  5  6  7 |
---------------+----------------------+-----
Dodging        | 2 3 |  3.7
Stealth        | 2 3 |  3.4
Spellcasting   | 4 7 9 10 | 10.2
Necromancy     | 9 11 12 | 12.6
Evocations     | 1 2 |  2.1
Fighting       | 1 |  1.2
Staves         | |  0.9
Air Magic      | |  0.4

Action                   |  1- 3 |  4- 6 |  7- 9 || total
-------------------------+-------+-------+-------++-------
Melee: Quarterstaff      |       |     3 |       ||     3
 Cast: Pain              |     1 |    14 |       ||    15
       Vampiric Draining |       |    13 |     8 ||    21
       Corpse Rot        |       |     2 |       ||     2
Evoke: Wand              |     5 |       |       ||     5
       Phantom mirror    |       |       |     1 ||     1
       Tin of tremorston |       |       |     1 ||     1
  Use: Scroll            |     1 |       |     1 ||     2
Armor: Robe              |       |     5 |     7 ||    12
Dodge: Dodged            |       |    32 |    15 ||    47

Table legend: (Time is in decaauts)
 A = Elapsed time spent in this place.
 B = Non-inter-level travel time spent in this place.
 C = Inter-level travel time spent in this place.
 D = Time resting spent in this place.
 E = Time spent auto-exploring this place.
 F = Levels seen in this place.
 G = Mean time per level.
                   A        B        C        D        E       F      G
               +--------+--------+--------+--------+--------+-----+--------+
         Total |    944 |    944 |      0 |    509 |    253 |   1 |  944.0 |
       Dungeon |    944 |    944 |      0 |    509 |    253 |   1 |  944.0 |
               +--------+--------+--------+--------+--------+-----+--------+

Top non-repeatable levels by time:
       D: 944 daAuts
